[Event "Titled Tuesday Blitz July 25 Late 2023"]
[White "PerAsperaAdAstraCB"]
[Black "Thiel, Thomas"]
[BlackFideId "4615964"]
[WhiteElo "2477"]
[BlackElo "2265"]
[Result "1-0"]
[Round "2"]
[TimeControl "180+2"]
[Date "2023.07.25"]
[WhiteClock "0:00:24"]
[BlackClock "0:00:10"]
[Board "174"]

1. d4 d5 2. Bf4 Nf6 3. e3 c5 4. Nc3 a6 5. dxc5 Nc6 6. a3 e5 7. Bg5 Bxc5 8. Bxf6 Qxf6 9. Nxd5 Qd8 10. c4 Be6 11. Ne2 O-O 12. Nec3 Rc8 13. Be2 f5 14. O-O f4 15. exf4 exf4 16. b4 Ba7 17. c5 Ne5 18. f3 b6 19. cxb6 Bxb6+ 20. Kh1 Nc4 21. Bxc4 Rxc4 22. Nxb6 Qxb6 23. Na4 Qc6 24. Nc5 Bf7 25. Qe2 a5 26. Rfc1 Re8 27. Qd2 Rxc1+ 28. Rxc1 axb4 29. axb4 Qb5 30. Qxf4 h6 31. h3 Rb8 32. Rb1 Rd8 33. Kh2 Bg6 34. Rc1 Rf8 35. Qc4+ Qxc4 36. Rxc4 Rb8 37. Nd7 Rb7 38. Ne5 Bf7 39. Nxf7 Kxf7 40. h4 Ke6 41. h5 Kf5 42. g4+ Kg5 43. Kg3 Kf6 44. Kh4 Rb5 45. f4 Rb6 46. Rd4 Rb7 47. Re4 Kf7 48. Rc4 Kf6 49. g5+ Kf5 50. g6 Kf6 51. Kg4 Rb6 52. Re4 Rb5 53. Rd4 Rb6 54. Kf3 Rb5 55. Kg4 Rb6 56. Rd7 1-0


[Site "https://www.chess.com"]

[Event "Titled Tuesday Blitz July 25 Late 2023"]
[White "Tifferet, Shaked"]
[Black "Chemin, Justo Reinaldo"]
[WhiteFideId "2811529"]
[BlackFideId "2101580"]
[WhiteElo "2474"]
[BlackElo "2257"]
[Result "1-0"]
[Round "2"]
[TimeControl "180+2"]
[Date "2023.07.25"]
[WhiteClock "0:01:37"]
[BlackClock "0:00:37"]
[Board "175"]

1. e4 e6 2. d4 d5 3. Nd2 Nf6 4. e5 Nfd7 5. c3 c5 6. Ndf3 Nc6 7. Bd3 cxd4 8. cxd4 Be7 9. Ne2 a6 10. O-O b5 11. Nf4 Nb6 12. Nh5 g6 13. Nf6+ Bxf6 14. exf6 Qxf6 15. Bg5 Qg7 16. Rc1 Bd7 17. Rxc6 Bxc6 18. Ne5 Bd7 19. Ng4 f5 20. Bf6 Qf8 21. Bxh8 Qxh8 22. Ne5 Qg7 23. b3 Rc8 24. Qd2 Kf8 25. Qa5 Na8 26. Qxa6 Qe7 27. Nxd7+ Qxd7 28. Bxb5 Qe7 29. Qxc8+ Kg7 30. Qxa8 Qb4 31. Qb7+ Kh6 32. Rd1 1-0


[Site "https://www.chess.com"]

[Event "Titled Tuesday Blitz July 25 Late 2023"]
[White "Doluhanova, Evgeniya"]
[Black "Ocido, Michael"]
[WhiteFideId "14112035"]
[BlackFideId "115201920"]
[WhiteElo "2250"]
[BlackElo "2469"]
[Result "1-0"]
[Round "2"]
[TimeControl "180+2"]
[Date "2023.07.25"]
[WhiteClock "0:00:41"]
[BlackClock "0:00:14"]
[Board "176"]

1. e4 e6 2. d4 d5 3. exd5 exd5 4. Nf3 Bd6 5. Bd3 Ne7 6. Bg5 f6 7. Bh4 Bg4 8. h3 Bh5 9. Qe2 Qd7 10. Nbd2 Nc6 11. O-O-O Nxd4 12. Qe3 Nxf3 13. Nxf3 Qa4 14. Bg3 Bxg3 15. fxg3 Qxa2 16. Rhe1 Qa1+ 17. Kd2 Qa5+ 18. c3 O-O-O 19. Qxe7 d4 20. Qb4 dxc3+ 21. Qxc3 Qa4 22. Ke3 Rd6 23. Kf2 Rhd8 24. Bf5+ Kb8 25. Rxd6 Rxd6 26. g4 Bf7 27. Re7 Bd5 28. Qxc7+ Ka8 29. Qc8# 1-0


[Site "https://www.chess.com"]

[Event "Titled Tuesday Blitz July 25 Late 2023"]
[White "Vaglio Munoz, Jaime"]
[Black "Dinu, Dumitru-Daniel"]
[WhiteFideId "6500145"]
[BlackFideId "1208403"]
[WhiteElo "2247"]
[BlackElo "2469"]
[Result "0-1"]
[Round "2"]
[TimeControl "180+2"]
[Date "2023.07.25"]
[WhiteClock "0:00:35"]
[BlackClock "0:00:06"]
[Board "177"]

1. d4 d5 2. c4 dxc4 3. e3 Nf6 4. Bxc4 e6 5. Nf3 c5 6. dxc5 Qxd1+ 7. Kxd1 Bxc5 8. Ke2 a6 9. a3 b5 10. Bd3 Bb7 11. Nbd2 Nbd7 12. b4 Bd6 13. Bb2 Ke7 14. Rhc1 Rhc8 15. h3 h6 16. g3 Nb6 17. Ne5 Na4 18. Bd4 g6 19. g4 Nd5 20. f4 Ndc3+ 21. Kf2 g5 22. Rc2 Nd5 23. Kg3 gxf4+ 24. exf4 Nxf4 25. Kxf4 f6 26. Rac1 fxe5+ 27. Bxe5 Rf8+ 28. Ke3 Bxe5 29. Rc7+ Bxc7 30. Rxc7+ Kd6 31. Rxb7 Rab8 32. Ne4+ Ke5 33. Rh7 Rbd8 34. Rxh6 Nb2 35. Rh5+ Rf5 36. gxf5 Rxd3+ 37. Ke2 Kxe4 38. fxe6 Rd8 39. e7 Re8 40. Rh6 Nc4 41. Rxa6 Rxe7 42. Kf2 Kd4 43. Kg3 Kc3 44. h4 Kb3 45. h5 Nxa3 46. h6 Kxb4 47. Kf4 Nc4 48. Kg5 Ne5 49. Kf6 Re8 50. h7 Nd7+ 51. Kf7 Rb8 52. Rg6 Ne5+ 53. Kf6 Nxg6 54. Kxg6 Kc4 55. Kg7 b4 56. Kf7 b3 57. Kg7 b2 58. h8=Q Rxh8 59. Kxh8 b1=Q 60. Kg7 Qf5 61. Kh6 Qg4 62. Kh7 Kd5 63. Kh8 Ke6 64. Kh7 Kf6 65. Kh8 Qg7# 0-1


[Site "https://www.chess.com"]

[Event "Titled Tuesday Blitz July 25 Late 2023"]
[White "Ward, Ieuan C"]
[Black "ArchibaldCerveza29"]
[WhiteFideId "406627"]
[WhiteElo "2241"]
[BlackElo "2468"]
[Result "0-1"]
[Round "2"]
[TimeControl "180+2"]
[Date "2023.07.25"]
[WhiteClock "0:00:01"]
[BlackClock "0:00:24"]
[Board "178"]

1. d4 d5 2. c4 e6 3. Nc3 Nf6 4. Bg5 c6 5. e3 Nbd7 6. Nf3 Qa5 7. cxd5 Nxd5 8. Qc2 Bb4 9. Rc1 Qxa2 10. Bd3 Bxc3+ 11. bxc3 Qxc2 12. Rxc2 c5 13. e4 N5b6 14. O-O O-O 15. Be7 Re8 16. Bxc5 Nxc5 17. dxc5 Nd7 18. Bb5 a6 19. Ba4 Rd8 20. c6 Nc5 21. cxb7 Bxb7 22. Ra2 Nxe4 23. Rc1 Rac8 24. c4 f6 25. Re2 Kf7 26. Bb3 Rc5 27. Rce1 f5 28. h4 h6 29. Bc2 Kf6 30. Bxe4 fxe4 31. Nd2 Rd4 32. Nxe4+ Bxe4 33. Rxe4 Rxe4 34. Rxe4 a5 35. Kf1 Kf5 36. Re3 Rxc4 37. Ra3 a4 38. g3 Kg4 39. Kg2 Rb4 40. Kf1 Kh3 41. Ke2 Kg2 42. Ke3 Rb3+ 0-1


[Site "https://www.chess.com"]

[Event "Titled Tuesday Blitz July 25 Late 2023"]
[White "Gulamali, Kazim"]
[Black "Cardozo Munar, Carlos Eduardo"]
[WhiteFideId "2024764"]
[BlackFideId "4409477"]
[WhiteElo "2468"]
[BlackElo "2239"]
[Result "1-0"]
[Round "2"]
[TimeControl "180+2"]
[Date "2023.07.25"]
[WhiteClock "0:01:31"]
[BlackClock "0:01:09"]
[Board "179"]

1. e4 e6 2. d4 d5 3. Nc3 Nf6 4. e5 Nfd7 5. f4 c5 6. Nf3 Nc6 7. Ne2 Qb6 8. c3 cxd4 9. cxd4 f6 10. Nc3 Bb4 11. a3 Bxc3+ 12. bxc3 fxe5 13. fxe5 O-O 14. Bd3 g6 15. Qe2 a6 16. Bh6 Qb3 17. Rc1 Qxa3 18. O-O b5 19. Bxf8 Nxf8 20. Qe3 Bd7 21. Qh6 Ne7 22. g4 Rc8 23. Ng5 Nf5 24. gxf5 exf5 25. e6 Bxe6 26. Nxe6 Nxe6 27. Bxf5 Re8 28. Rce1 Qd6 29. Bxe6+ Rxe6 30. Rxe6 Qxe6 31. Rf8# 1-0


[Site "https://www.chess.com"]

[Event "Titled Tuesday Blitz July 25 Late 2023"]
[White "ExchangeAB"]
[Black "Sarkar, Justin"]
[BlackFideId "2010011"]
[WhiteElo "2465"]
[BlackElo "2228"]
[Result "0-1"]
[Round "2"]
[TimeControl "180+2"]
[Date "2023.07.25"]
[WhiteClock "0:00:11"]
[BlackClock "0:00:05"]
[Board "180"]

1. d4 Nf6 2. Nc3 d5 3. Bf4 g6 4. e3 Bg7 5. h4 O-O 6. h5 c5 7. dxc5 Ne4 8. Nxe4 dxe4 9. Qxd8 Rxd8 10. c3 Na6 11. Bxa6 bxa6 12. hxg6 hxg6 13. Ne2 e5 14. Bg5 f6 15. Bh6 a5 16. Bxg7 Kxg7 17. b4 Ba6 18. Rd1 Rxd1+ 19. Kxd1 Bc4 20. a3 axb4 21. cxb4 a5 22. Nc1 axb4 23. axb4 Rb8 24. c6 Rxb4 25. c7 Be6 26. Re1 Rc4 27. Re2 Rxc7 28. Rc2 Bg4+ 29. Kd2 Rd7+ 30. Kc3 Rd1 31. g3 f5 32. Nb3 Rd3+ 33. Kb4 Rxb3+ 34. Kxb3 Bd1 35. Kc3 Bxc2 36. Kxc2 Kh6 37. Kd2 Kg5 38. Ke2 Kg4 39. Kf1 Kf3 40. Kg1 g5 41. Kf1 f4 42. gxf4 exf4 43. exf4 gxf4 44. Ke1 Kg2 45. Ke2 e3 46. fxe3 f3+ 0-1


[Site "https://www.chess.com"]

[Event "Titled Tuesday Blitz July 25 Late 2023"]
[White "MateoReyes"]
[Black "De Souza, Cristiano Gomes"]
[BlackFideId "2151758"]
[WhiteElo "2465"]
[BlackElo "2220"]
[Result "0-1"]
[Round "2"]
[TimeControl "180+2"]
[Date "2023.07.25"]
[WhiteClock "0:00:37"]
[BlackClock "0:00:37"]
[Board "181"]

1. Nf3 Nf6 2. d4 g6 3. Bg5 Bg7 4. Nbd2 h6 5. Bh4 d6 6. e3 g5 7. Bg3 Nh5 8. Bc4 e6 9. c3 Nd7 10. Qc2 Qe7 11. O-O-O a6 12. h4 Nxg3 13. fxg3 b5 14. Bd3 Bb7 15. hxg5 hxg5 16. Rxh8+ Bxh8 17. Rh1 O-O-O 18. a4 c6 19. Qb3 Nb6 20. axb5 axb5 21. Kb1 Kc7 22. c4 bxc4 23. Nxc4 Nxc4 24. Bxc4 Rb8 25. Qc2 g4 26. Nd2 c5 27. Nb3 f5 28. Qc3 Be4+ 29. Kc1 Bf6 30. Qa5+ Rb6 31. Qa7+ Rb7 32. Qa5+ Rb6 33. dxc5 dxc5 34. Nxc5 Bxb2+ 35. Kd2 Qd6+ 36. Ke2 Qxg3 37. Rh7+ Kc6 38. Qa4+ Kxc5 39. Qa5+ Kc6 40. Qa4+ Kd6 41. Rd7+ Ke5 42. Qa5+ Kf6 43. Qxb6 Qxg2+ 44. Ke1 Bc3+ 45. Kd1 Qc2# 0-1


[Site "https://www.chess.com"]

[Event "Titled Tuesday Blitz July 25 Late 2023"]
[White "Chlpik, Martin"]
[Black "szachmistrz2500"]
[WhiteFideId "14923351"]
[WhiteElo "2209"]
[BlackElo "2463"]
[Result "1-0"]
[Round "2"]
[TimeControl "180+2"]
[Date "2023.07.25"]
[WhiteClock "0:00:23"]
[BlackClock "0:00:16"]
[Board "182"]

1. d4 c5 2. d5 e6 3. c4 Nf6 4. Nc3 exd5 5. cxd5 d6 6. e4 Be7 7. Bd3 O-O 8. h3 Na6 9. Nf3 Nc7 10. O-O Bd7 11. a4 b6 12. Bf4 a6 13. e5 Nfe8 14. Re1 Rb8 15. Bh2 b5 16. axb5 axb5 17. Ne4 Nxd5 18. exd6 Bf6 19. Nxc5 Bxb2 20. Ra7 Bc6 21. Bxh7+ Kxh7 22. Qc2+ Kg8 23. d7 Nef6 24. Qxb2 Ra8 25. Ne5 Rxa7 26. Nxc6 Qb6 27. Nxa7 Qxc5 28. Nxb5 Nxd7 29. Bd6 Qb6 30. Bxf8 Nxf8 31. Re8 Nf6 32. Ra8 Qb7 33. Qa3 Nd7 34. Nd6 Qd5 35. Nc8 Qe5 36. Ra5 Qe1+ 37. Kh2 g6 38. Ne7+ Kg7 39. Qb2+ Nf6 40. Nd5 Nd7 41. Ra6 1-0


[Site "https://www.chess.com"]

[Event "Titled Tuesday Blitz July 25 Late 2023"]
[White "Grossboss19"]
[Black "HeinichessPY"]
[WhiteElo "2461"]
[BlackElo "2202"]
[Result "1-0"]
[Round "2"]
[TimeControl "180+2"]
[Date "2023.07.25"]
[WhiteClock "0:02:29"]
[BlackClock "0:02:26"]
[Board "183"]

1. Nf3 Nf6 2. b3 g6 3. Bb2 Bg7 4. g3 d6 5. Bg2 O-O 6. O-O c6 7. c4 Qa5 8. d3 Qh5 9. e4 Bh3 10. Nfd2 Ng4 11. Bxg7 Bxg2 12. h4 Bxf1 13. Bxf8 Bxd3 14. Bxe7 Qe5 15. Qxg4 Qxa1 16. Qc8+ Kg7 17. Qf8# 1-0


[Site "https://www.chess.com"]

[Event "Titled Tuesday Blitz July 25 Late 2023"]
[White "Francisco_Ferrari"]
[Black "Karas, Marek"]
[BlackFideId "14928558"]
[WhiteElo "2198"]
[BlackElo "2458"]
[Result "1-0"]
[Round "2"]
[TimeControl "180+2"]
[Date "2023.07.25"]
[WhiteClock "0:00:21"]
[BlackClock "0:00:00"]
[Board "184"]

1. e4 c5 2. Nf3 Nc6 3. Bb5 e6 4. Bxc6 bxc6 5. O-O Ne7 6. b3 Ng6 7. Bb2 f6 8. c4 e5 9. Nc3 d6 10. a3 Be7 11. b4 cxb4 12. axb4 O-O 13. d4 Bg4 14. d5 Nh4 15. dxc6 Bxf3 16. gxf3 Qe8 17. Kh1 Qh5 18. Rg1 Nxf3 19. Rg2 f5 20. Nd5 Bh4 21. Qe2 Kh8 22. c5 dxc5 23. Bxe5 Rg8 24. Rag1 fxe4 25. Bxg7+ Rxg7 26. Rxg7 Bg5 27. Rg2 Kxg7 28. Qxe4 Rf8 29. c7 Kh8 30. Ne7 Qe8 31. c8=Q Qxe7 32. Qxe7 Bxe7 33. Qe6 Bf6 34. bxc5 a5 35. Rg8+ Rxg8 36. Qxf6+ Rg7 37. Qxf3 Rg8 38. Qf6+ Rg7 39. c6 1-0


[Site "https://www.chess.com"]

[Event "Titled Tuesday Blitz July 25 Late 2023"]
[White "Perske, Thore"]
[Black "Quirke, Jeffrey"]
[WhiteFideId "12902195"]
[BlackFideId "2013029"]
[WhiteElo "2457"]
[BlackElo "2196"]
[Result "1-0"]
[Round "2"]
[TimeControl "180+2"]
[Date "2023.07.25"]
[WhiteClock "0:00:45"]
[BlackClock "0:00:19"]
[Board "185"]

1. d4 e6 2. g3 f5 3. Bg2 Nf6 4. Nf3 d5 5. c4 Be7 6. Nc3 c6 7. O-O O-O 8. Bf4 Nbd7 9. Qc2 b6 10. cxd5 cxd5 11. Nb5 Ba6 12. Nc7 Rc8 13. Qa4 Bxe2 14. Nxe6 Qe8 15. Nxf8 Bxf1 16. Nxd7 Bxg2 17. Nxf6+ Bxf6 18. Qxe8+ Rxe8 19. Kxg2 Re2 20. Rb1 h6 21. Be5 Be7 22. Kf1 Rc2 23. Ne1 Rc4 24. Ke2 g5 25. Kd3 Kf7 26. b3 Rc8 27. Nc2 Ke6 28. f4 g4 29. Ne3 h5 30. Kd2 h4 31. Rc1 Rxc1 32. Kxc1 h3 33. Kc2 Bb4 34. Kd3 Be1 35. Nf1 Bf2 36. Bb8 a6 37. Ba7 b5 38. Bc5 Bg1 39. Bb4 Bf2 40. Bd2 Bg1 41. Be3 Bxh2 42. Nxh2 Kd6 43. Bd2 Kc6 44. Bb4 Kd7 45. Ba5 Kc6 46. Kc3 Kb7 47. Kb4 Kc6 48. Bd8 Kd7 49. Bb6 Kc6 50. Ba5 Kd6 51. a3 Kc6 52. Bd8 Kd7 53. Ka5 Kxd8 54. Kxa6 1-0


[Site "https://www.chess.com"]

[Event "Titled Tuesday Blitz July 25 Late 2023"]
[White "Winslow, Elliott"]
[Black "Castella Garcia, Fausto"]
[WhiteFideId "2002523"]
[BlackFideId "3501922"]
[WhiteElo "2174"]
[BlackElo "2451"]
[Result "0-1"]
[Round "2"]
[TimeControl "180+2"]
[Date "2023.07.25"]
[WhiteClock "0:00:00"]
[BlackClock "0:01:32"]
[Board "186"]

1. e4 c5 2. Nf3 d6 3. d4 cxd4 4. Nxd4 Nf6 5. Nc3 g6 6. Be3 Bg7 7. f3 O-O 8. Qd2 Nc6 9. Bc4 Nd7 10. Bb3 Nb6 11. h4 Na5 12. Qe2 Nxb3 13. axb3 d5 14. O-O-O e5 15. Ndb5 d4 16. Bf2 Bd7 17. Nd5 Nxd5 18. exd5 Qa5 19. Na3 Rac8 20. h5 Bf5 21. g4 Bxc2 22. Nxc2 Qa1+ 23. Kd2 Qxb2 24. Qd3 Bh6+ 25. Ke1 Rxc2 26. hxg6 fxg6 27. Rxh6 Rxf2 28. Rxg6+ Kh8 29. Rh6 Rf7 0-1


[Site "https://www.chess.com"]

[Event "Titled Tuesday Blitz July 25 Late 2023"]
[White "Oliveira, Tiago Batista"]
[Black "Toncheva, Nadya"]
[WhiteFideId "2108291"]
[BlackFideId "2924056"]
[WhiteElo "2158"]
[BlackElo "2450"]
[Result "0-1"]
[Round "2"]
[TimeControl "180+2"]
[Date "2023.07.25"]
[WhiteClock "0:00:00"]
[BlackClock "0:00:19"]
[Board "187"]

1. d4 d5 2. c4 dxc4 3. g3 Nf6 4. Bg2 a6 5. Nf3 g6 6. Nbd2 Be6 7. e4 Bg7 8. O-O O-O 9. Qc2 b5 10. Rd1 c6 11. a4 Nbd7 12. b3 cxb3 13. Nxb3 Nxe4 14. Bb2 Nd6 15. Nc5 Bd5 16. Rac1 Qc7 17. Ne5 Nxc5 18. dxc5 Nc4 19. Bxd5 Nxe5 20. Bb3 Rad8 21. Kg2 Rxd1 22. Rxd1 Rd8 23. Re1 e6 24. Qe4 Nd7 25. Bc1 Nxc5 26. Qc2 Nxb3 27. Qxb3 c5 28. axb5 Qb7+ 29. f3 axb5 30. Bg5 c4 31. Qb4 Rc8 32. Ra1 Bxa1 0-1


[Site "https://www.chess.com"]

[Event "Titled Tuesday Blitz July 25 Late 2023"]
[White "Osmonbekov, Talaibek"]
[Black "Kupervaser, Erez"]
[WhiteFideId "2017253"]
[BlackFideId "2814587"]
[WhiteElo "2150"]
[BlackElo "2449"]
[Result "1-0"]
[Round "2"]
[TimeControl "180+2"]
[Date "2023.07.25"]
[WhiteClock "0:00:16"]
[BlackClock "0:00:08"]
[Board "188"]

1. d4 d5 2. Bf4 Nf6 3. Nc3 e6 4. e3 Bb4 5. Bd3 c5 6. dxc5 Bxc3+ 7. bxc3 Qa5 8. Ne2 Qxc5 9. O-O Nc6 10. Bg5 Nd7 11. Rb1 e5 12. Bf5 Nb6 13. Ng3 Qxc3 14. Qg4 h5 15. Qh3 Bxf5 16. Nxf5 Kf8 17. Nd6 Qxc2 18. e4 Nd4 19. Rxb6 Qc7 20. Rxb7 Qxd6 21. Be7+ Qxe7 22. Rxe7 Kxe7 23. exd5 Rhc8 24. Qxh5 f6 25. f4 exf4 26. d6+ Kf8 27. d7 Rd8 28. Qc5+ Kg8 29. Qxd4 Rab8 30. Rxf4 Rb7 31. Qd5+ 1-0


[Site "https://www.chess.com"]

[Event "Titled Tuesday Blitz July 25 Late 2023"]
[White "Bobkov, Vadim"]
[Black "Cardenas Carbajal, Nilson"]
[WhiteFideId "34110876"]
[BlackFideId "8401128"]
[WhiteElo "2448"]
[BlackElo "2129"]
[Result "1-0"]
[Round "2"]
[TimeControl "180+2"]
[Date "2023.07.25"]
[WhiteClock "0:00:21"]
[BlackClock "0:00:00"]
[Board "189"]

1. d4 Nf6 2. c4 e6 3. Nc3 d5 4. cxd5 exd5 5. Bg5 Be7 6. e3 c6 7. Bd3 O-O 8. Qc2 h6 9. Bh4 Re8 10. Nf3 Nbd7 11. O-O Nf8 12. Rae1 Ne4 13. Bxe7 Qxe7 14. Ne5 f6 15. Nf3 Bg4 16. Bxe4 dxe4 17. Nd2 f5 18. f3 Bh5 19. fxe4 fxe4 20. Qxe4 Qb4 21. Qc2 Bg6 22. Qb3+ Qxb3 23. Nxb3 Re7 24. e4 Rae8 25. e5 Ne6 26. d5 cxd5 27. Nxd5 Rd7 28. Nf4 Nxf4 29. Rxf4 Rde7 30. Rb4 Rxe5 31. Rxe5 Rxe5 32. Rxb7 Re2 33. Nd4 Rxg2+ 34. Kxg2 Be4+ 35. Kg3 Bxb7 36. Kf4 Kf7 37. Ke5 g5 38. Nb5 Bc8 39. Nd6+ 1-0


[Site "https://www.chess.com"]

[Event "Titled Tuesday Blitz July 25 Late 2023"]
[White "Kirillov, Dmitry"]
[Black "Curtis, John"]
[WhiteFideId "34180572"]
[BlackFideId "3200256"]
[WhiteElo "2448"]
[BlackElo "2123"]
[Result "1-0"]
[Round "2"]
[TimeControl "180+2"]
[Date "2023.07.25"]
[WhiteClock "0:01:33"]
[BlackClock "0:00:44"]
[Board "190"]

1. Nf3 c5 2. c4 Nf6 3. g3 g6 4. Bg2 Bg7 5. O-O O-O 6. Nc3 Nc6 7. d4 cxd4 8. Nxd4 Nxd4 9. Qxd4 d6 10. Qd3 Qa5 11. Bd2 Be6 12. b3 Rfc8 13. Rac1 Qd8 14. Bxb7 Bh3 15. Rfd1 Rc7 16. Bxa8 Qxa8 17. e4 Nd7 18. Nd5 Ne5 19. Nxc7 Qc8 20. Qe3 Qxc7 21. f3 g5 22. Bc3 g4 23. Bxe5 Bxe5 24. f4 Bb2 25. c5 Bxc1 26. Rxc1 Qa5 27. a4 dxc5 28. Qxc5 Qd2 29. Qg5+ Kf8 30. Rc8+ 1-0


[Site "https://www.chess.com"]

[Event "Titled Tuesday Blitz July 25 Late 2023"]
[White "Tsukerman, Julia"]
[Black "Rangel, Daniel"]
[WhiteFideId "2621649"]
[BlackFideId "2124475"]
[WhiteElo "2113"]
[BlackElo "2447"]
[Result "0-1"]
[Round "2"]
[TimeControl "180+2"]
[Date "2023.07.25"]
[WhiteClock "0:00:04"]
[BlackClock "0:00:26"]
[Board "191"]

1. e4 c5 2. Nf3 g6 3. d4 cxd4 4. Nxd4 Bg7 5. c4 Nc6 6. Be3 Nf6 7. Nc3 O-O 8. Be2 Nxd4 9. Bxd4 d6 10. O-O Bd7 11. Qd2 Bc6 12. f3 Nd7 13. Rac1 a5 14. b3 Bxd4+ 15. Qxd4 Qb6 16. Qxb6 Nxb6 17. Nd5 Bxd5 18. exd5 Nd7 19. Rfe1 Nc5 20. Bf1 Rfe8 21. Kf2 Kf8 22. Re3 b6 23. g3 Ra7 24. a3 Rc8 25. Bh3 Rcc7 26. Rec3 h5 27. Ke3 a4 28. b4 Nb3 29. R1c2 Kg7 30. Ke4 Kf6 31. Bf1 Ra8 32. Bd3 e5 33. f4 Re8 34. Re2 exf4+ 35. Kxf4 g5+ 36. Kf3 Nd4+ 37. Kf2 Nxe2 38. Bxe2 g4 39. Bd3 Rce7 40. Rc2 Re3 41. Rd2 Rf3+ 42. Kg2 Ree3 43. Be2 Rf5 44. Bd3 Rfe5 45. Kf2 Kg5 46. Be2 Rxa3 47. Rc2 Rae3 48. c5 dxc5 0-1


[Site "https://www.chess.com"]

[Event "Titled Tuesday Blitz July 25 Late 2023"]
[White "Jahnz, Fabian"]
[Black "Szyszylo, Rafal"]
[WhiteFideId "4653300"]
[BlackFideId "1109626"]
[WhiteElo "2105"]
[BlackElo "2444"]
[Result "0-1"]
[Round "2"]
[TimeControl "180+2"]
[Date "2023.07.25"]
[WhiteClock "0:00:19"]
[BlackClock "0:00:15"]
[Board "192"]

1. e4 d6 2. d4 Nf6 3. Nc3 g6 4. Bg5 Bg7 5. e5 Nfd7 6. exd6 cxd6 7. Qd2 h6 8. Be3 Nc6 9. O-O-O a6 10. Kb1 b5 11. d5 Nce5 12. h3 Nb6 13. f4 Nec4 14. Bxc4 Nxc4 15. Qd3 Bf5 16. Qe2 Nxb2 17. Kxb2 Qa5 18. Bd2 Qb4+ 19. Ka1 Bxc3+ 20. Bxc3 Qxc3+ 21. Kb1 Rc8 22. Rd2 Rc4 23. Rd3 Bxd3 24. Qxd3 Rb4+ 25. Kc1 Qe1+ 0-1


[Site "https://www.chess.com"]

[Event "Titled Tuesday Blitz July 25 Late 2023"]
[White "Ismayil, Malak"]
[Black "Tarnowska, Aleksandra"]
[WhiteFideId "13412604"]
[BlackFideId "1180967"]
[WhiteElo "2443"]
[BlackElo "2099"]
[Result "1-0"]
[Round "2"]
[TimeControl "180+2"]
[Date "2023.07.25"]
[WhiteClock "0:01:02"]
[BlackClock "0:00:00"]
[Board "193"]

1. e4 c5 2. Nf3 e6 3. c3 d5 4. exd5 Qxd5 5. Be2 Nf6 6. O-O Be7 7. d4 cxd4 8. Nxd4 O-O 9. Bf3 Qd6 10. Bg5 h6 11. Bh4 Qb6 12. Nb3 Rd8 13. Qe2 Bd7 14. N1d2 Nc6 15. Bg3 a5 16. Nc4 Qa6 17. Ne5 Qxe2 18. Bxe2 Nxe5 19. Bxe5 Bc6 20. Nd4 Nd7 21. Bc7 Rdc8 22. Bg3 e5 23. Nxc6 Rxc6 24. Bb5 Rd6 25. Bxd7 Rxd7 26. Bxe5 Rd2 27. c4 Bc5 28. Bc3 Re2 29. Rae1 Rxe1 30. Rxe1 b6 31. Kf1 Rd8 32. f3 Rd3 33. Ke2 Rd6 34. Rd1 Rg6 35. g3 h5 36. f4 Re6+ 37. Kf1 h4 38. Rd8+ Kh7 39. Rd7 hxg3 40. hxg3 Kg8 41. Rd3 Re4 42. b3 Kh7 43. a4 Re6 44. Kg2 Rh6 45. g4 Re6 46. Rh3+ Kg8 47. Rd3 Re2+ 48. Kf3 Rf2+ 49. Ke4 Rg2 50. g5 Re2+ 51. Kd5 Re6 52. Be5 f6 53. gxf6 Re8 54. fxg7 Rd8+ 55. Ke4 Re8 56. Rd7 Bf2 57. f5 Bh4 58. Kd5 1-0


[Site "https://www.chess.com"]

[Event "Titled Tuesday Blitz July 25 Late 2023"]
[White "Semenova, Alina"]
[Black "Moore, Nicholas"]
[WhiteFideId "24113875"]
[BlackFideId "4303709"]
[WhiteElo "2080"]
[BlackElo "2439"]
[Result "0-1"]
[Round "2"]
[TimeControl "180+2"]
[Date "2023.07.25"]
[WhiteClock "0:00:07"]
[BlackClock "0:01:05"]
[Board "194"]

1. e4 c5 2. Nf3 e6 3. d3 Nc6 4. g3 Nf6 5. Bg2 Be7 6. O-O O-O 7. Nh4 d5 8. Nc3 dxe4 9. dxe4 Qc7 10. Bf4 e5 11. Be3 Ng4 12. Nd5 Qd6 13. Nf5 Bxf5 14. exf5 Nxe3 15. fxe3 Bg5 16. h4 Bh6 17. f6 Rad8 18. g4 e4 19. Bxe4 Qg3+ 20. Bg2 Rxd5 21. Qxd5 Bxe3+ 22. Kh1 Qxh4+ 23. Bh3 Qxh3# 0-1


[Site "https://www.chess.com"]

[Event "Titled Tuesday Blitz July 25 Late 2023"]
[White "Hartikainen, Jarmo"]
[Black "Hamedi Nia, Vesal"]
[WhiteFideId "503134"]
[BlackFideId "12542253"]
[WhiteElo "2077"]
[BlackElo "2439"]
[Result "0-1"]
[Round "2"]
[TimeControl "180+2"]
[Date "2023.07.25"]
[WhiteClock "0:00:00"]
[BlackClock "0:02:07"]
[Board "195"]

1. e4 c5 2. c3 d5 3. exd5 Qxd5 4. d4 Nf6 5. Nf3 e6 6. Na3 Be7 7. Be3 cxd4 8. Nb5 Na6 9. Nbxd4 O-O 10. Bd3 Nc5 11. Bc2 b6 12. Qe2 Bb7 13. b3 Rac8 14. Rd1 Qh5 15. c4 Nce4 16. Rd3 Bb4+ 17. Kd1 Nc3+ 18. Rxc3 Bxc3 19. Kc1 Qa5 20. Kb1 Qa3 21. Bc1 Qc5 22. Rd1 Rfd8 23. Qd3 Bxd4 24. Nxd4 Be4 25. Qe3 Bxc2+ 26. Kxc2 Ng4 27. Qf4 Nf6 28. Qe3 a6 29. Bb2 b5 30. Qc3 bxc4 31. bxc4 Qxc4 32. f3 Qa4+ 33. Kc1 Rxc3+ 0-1


[Site "https://www.chess.com"]

[Event "Titled Tuesday Blitz July 25 Late 2023"]
[White "Ladan, Nicholas"]
[Black "Bongo Akanga Ndjila, Barthelemy"]
[WhiteFideId "30918855"]
[BlackFideId "10609431"]
[WhiteElo "2438"]
[BlackElo "2058"]
[Result "1-0"]
[Round "2"]
[TimeControl "180+2"]
[Date "2023.07.25"]
[WhiteClock "0:02:07"]
[BlackClock "0:01:21"]
[Board "196"]

1. d4 d5 2. c4 e6 3. Nf3 Nf6 4. g3 Be7 5. Bg2 O-O 6. O-O c6 7. Qc2 a5 8. Nbd2 b6 9. e4 Bb7 10. e5 Nfd7 11. cxd5 cxd5 12. Rd1 Na6 13. a3 Rc8 14. Qb3 Bc6 15. Nf1 b5 16. Ne3 a4 17. Qd3 Qb6 18. Bf1 Nab8 19. h4 b4 20. Ng5 g6 21. Ng4 Bxg5 22. hxg5 f5 23. gxf6 bxa3 24. Qxa3 Bb5 25. Qe7 Rf7 26. Nh6+ Kh8 27. Nxf7+ Kg8 28. Nh6+ 1-0


[Site "https://www.chess.com"]

[Event "Titled Tuesday Blitz July 25 Late 2023"]
[White "Gyulamiryan-koryun"]
[Black "SergioMoralesG"]
[WhiteElo "2055"]
[BlackElo "2438"]
[Result "0-1"]
[Round "2"]
[TimeControl "180+2"]
[Date "2023.07.25"]
[WhiteClock "0:00:00"]
[BlackClock "0:00:10"]
[Board "197"]

1. e4 c5 2. Be2 Nc6 3. f4 g6 4. c3 Bg7 5. Nf3 d5 6. e5 d4 7. O-O f6 8. Bb5 Qb6 9. Bxc6+ Qxc6 10. cxd4 cxd4 11. d3 Bg4 12. Nbd2 Nh6 13. Qe1 O-O 14. b3 Qc3 15. Ba3 Qxd3 16. Bxe7 Rfe8 17. Bd6 Nf5 18. Qb1 Qe3+ 19. Kh1 Nxd6 20. exd6 Qxf4 21. Qd3 Qxd6 22. Nc4 Qd5 23. h3 Bxf3 24. Rxf3 Rad8 25. Raf1 Qe4 26. Qxe4 Rxe4 27. Na5 b6 28. Nc6 Rd7 29. b4 f5 30. Rd3 Re3 31. Rfd1 Rxd3 32. Rxd3 Kf7 33. Kg1 Ke6 34. Kf2 Kd5 35. b5 Kc4 36. Rb3 d3 37. Ke1 Bc3+ 38. Kd1 Rd5 39. Nxa7 Re5 0-1


[Site "https://www.chess.com"]